 Dungeon Crawl Stone Soup version 0.31-a0-818-ge7c7cf74f0 (webtiles) character file.

Game seed: 16512560776764222292

151 lunkers the Insei (level 5, -2/60 HPs)
             Began as a Meteoran Shapeshifter on Sept 22, 2023.
             Was an Initiate of Ru.
             Slain by a sleepcap (5 damage)
             ... on level 4 of the Dungeon.
             The game lasted 00:04:32 (1609 turns).

lunkers the Insei (Meteoran Shapeshifter)           Turns: 1609, Time: 00:04:33

Health: -2/60      AC: 22    Str: 15    XL:     5   Next: 90%
Magic:  15/15      EV:  2    Int: 11    God:    Ru [......]
Gold:   176        SH:  0    Dex: 16    Spells: 4/4 levels left

rFire   . .          .
                       - Unarmed
rCold   . . .        (no shield)
rNeg    . . .        i - melded +3 leather armour {rC+}
rPois   +            (helmet currently unavailable)
rElec   .            (cloak currently unavailable)
rCorr   .            (gloves currently unavailable)
SInv    .            (boots currently unavailable)
Will    .....        (no amulet)
Stlth   +            k - ring of magical power
HPRegen 0.30/turn    (no ring)
MPRegen 0.14/turn

%: no passive effects
@: tree-form, glowing
A: stationary, stasis, torment immunity, boosted hp, sense surroundings 1,
otherworldly, glowing, explore regen
a: Renounce Religion


You were on level 4 of the Dungeon.
You worshipped Ru.
Ru was noncommittal.
You were a tree.
You visited 1 branch of the dungeon, and saw 4 of its levels.

You collected 176 gold pieces.

Inventory:

Missiles
 g - 3 curare-tipped darts
Armour
 i - a +3 leather armour of cold resistance (melded)
Jewellery
 j - a ring of willpower
 k - a ring of magical power (left branch)
Talismans
 c - a beast talisman
 d - a flux talisman
Scrolls
 e - 2 scrolls of identify
 f - a scroll of blinking
 m - a scroll of immolation
 n - a scroll of brand weapon {unknown}
Potions
 a - 2 potions of brilliance {unknown}
 h - a potion of mutation
 l - a potion of ambrosia {unknown}


   Skills:
 - Level 1.1 Fighting
 - Level 2.1 Dodging
 * Level 6.1 Unarmed Combat
 + Level 4.8 Shapeshifting


You had 4 spell levels left.
You didn't know any spells.
Your spell library contained the following spells:

 Spells                   Type           Power      Damage    Failure   Level
 Cigotuvi's Dreadful Rot  Necr/Pois/Air  0%         N/A       47%         2
 Dispel Undead            Necr           0%         3d6       98%         4
 Leda's Liquefaction      Hex/Erth       0%         N/A       98%         4
 Lee's Rapid Deconstruct  Erth           0%         3d4*      100%        5
 Bombard                  Conj/Erth      0%         9d1       100%        6
 Death Channel            Necr           0%         N/A       100%        6


Dungeon Overview and Level Annotations

Branches:
Dungeon (4/15) Zot: 799
 Temple: D:4-7

Altars:
Ru

Shops:
D:1 :


Innate Abilities, Weirdness & Mutations

You are a tree.
Your roots penetrate the ground, keeping you stationary.
You cannot be teleported.
You are immune to unholy pain and torment.
Your maximum health is greatly increased.
Your equipment is partially melded.
You passively map a small area around you.
You are easily found by Zot.
You glow in the dark.
You regain HP and MP as you explore.


Message History

The sleepcap releases spores at you!
* * * LOW HITPOINT WARNING * * *
The orc wizard hits you with a +0 dagger.
* * * LOW HITPOINT WARNING * * *
An orc comes into view. It is wielding a +0 short sword.
The ball python attacks as it pursues you!
The ball python barely misses you. The ball python closely misses you.
You closely miss the ball python. The ball python misses you.
The ball python barely misses you.
The giant cockroach waves its antennae.
The ball python bites you but does no damage.
The ball python closely misses you.
The orc shouts!
You hit the ball python.
You kill the ball python!
You hear a shout!
You hit the sleepcap.
The sleepcap is lightly damaged.
The sleepcap releases spores at you.
* * * LOW HITPOINT WARNING * * *
You are engulfed in a cloud of soporific spores!
You fall asleep.
The orc wizard gestures wildly while chanting.
The orc wizard flickers and vanishes!
Deactivating autopickup; reactivate with Ctrl-A.
The sleepcap releases spores at you!
You wake up.
* * * LOW HITPOINT WARNING * * *
Your transformation has ended.
You turn into a tree.
Your +3 leather armour of cold resistance melds into your body.
You feel less resistant to cold.
Your roots penetrate the ground.
The sleepcap releases spores at you but does no damage.
An orc comes into view. It is wielding a +0 hand axe.
An orc comes into view. It is wielding a +0 club.
You hit the sleepcap.
The sleepcap is moderately damaged.
You smack the sleepcap!
The sleepcap is severely damaged.
The sleepcap releases spores at you.
You die...

..........#*
* *
....[.....#
..........#
,, o.!.o...#
,* #.o{o.#
,* #o#** ,
#B# * #f# *
* #♣# #.#
#.# , ,,,,
#.# , #.# *
#.# #.# *
#.# *
#########.#


You could see a sleepcap, 4 orcs and a giant cockroach.

Vanquished Creatures
  Jessica (D:3)
  A gnoll (D:1)
  6 adders
  A worm (D:2)
  3 dart slugs
  7 orcs
  3 ball pythons
  An endoplasm (D:3)
  2 giant cockroaches
  4 goblins
  2 hobgoblins (D:3)
  2 quokkas
  3 bats
  3 frilled lizards
  6 kobolds
  5 rats
50 creatures vanquished.

Notes
Turn   | Place    | Note
-------+----------+-------------------------------------------
     0 | D:1      | lunkers the Meteoran Shapeshifter began the quest for the
                  | Orb.
     0 | D:1      | Reached XP level 1. HP: 16/16 MP: 2/2
   138 | D:1      | Reached skill level 4 in Unarmed Combat
   138 | D:1      | Reached XP level 2. HP: 18/23 MP: 3/3
   158 | D:1      | Found Deupt's Book Shoppe.
   271 | D:1      | Reached XP level 3. HP: 27/28 MP: 4/4
   494 | D:2      | Found a sacrificial altar of Ru.
   582 | D:2      | Became a worshipper of Ru the Awakened
   633 | D:2      | Reached XP level 4. HP: 27/35 MP: 5/5
   688 | D:2      | Reached skill level 5 in Unarmed Combat
  1040 | D:3      | Reached XP level 5. HP: 40/40 MP: 6/6
  1322 | D:3      | Noticed Jessica
  1325 | D:3      | Killed Jessica
  1418 | D:3      | Reached skill level 6 in Unarmed Combat
  1606 | D:4      | HP: 2/40 [sleepcap (13)]
  1609 | D:4      | Slain by a sleepcap

Illustrated notes

Levels and vault maps discovered:
D:1:      minmay_arrival_shattered_statue, layout_basic, serial_shops, shop
D:2:      layout_loops_cross, basic_altar
D:3:      layout_loops_ring, nemelex_dance_club_becter,
          small_statue_intersection, minmay_gold_behind_fungi, uniq_jessica
D:4:      layout_basic

Skill      XL: |  1  2  3  4  5 |
---------------+----------------+-----
Unarmed Combat | 4 5 6 |  6.1
Shapeshifting  | 4 |  4.8
Fighting       | |  1.1
Dodging        | |  2.1

Action                     |  1- 3 |  4- 6 || total
---------------------------+-------+-------++-------
  Melee: Unarmed           |    51 |    94 ||   145
         Punch             |     1 |     3 ||     4
    Use: Scroll            |     4 |     1 ||     5
         Potion            |       |     1 ||     1
 Armour: Animal skin       |    24 |     8 ||    32
         Leather armour    |       |    37 ||    37
         Skin              |       |     2 ||     2
  Dodge: Dodged            |    22 |    39 ||    61

Table legend: (Time is in decaauts)
 A = Elapsed time spent in this place.
 B = Non-inter-level travel time spent in this place.
 C = Inter-level travel time spent in this place.
 D = Time resting spent in this place.
 E = Time spent auto-exploring this place.
 F = Levels seen in this place.
 G = Mean time per level.
                   A        B        C        D        E       F      G
               +--------+--------+--------+--------+--------+-----+--------+
         Total |   1599 |   1515 |     84 |      0 |   1176 |   4 |  399.8 |
       Dungeon |   1599 |   1515 |     84 |      0 |   1176 |   4 |  399.8 |
               +--------+--------+--------+--------+--------+-----+--------+

Top non-repeatable levels by time:
     D:3: 562 daAuts
     D:2: 493 daAuts
     D:1: 447 daAuts
     D:4: 95 daAuts
